 Dungeon Crawl Stone Soup version 0.28-a0-381-g937acc2988 (webtiles) character file.

Game seed: 6525588563296231563

77844 hatdisgam the Fencer (level 16, -4/144 HPs)
             Began as a Djinni Ice Elementalist on Sept 1, 2021.
             Was a High Priest of Makhleb.
             Slain by a minotaur (29 damage)
             ... in a Gauntlet.
             The game lasted 01:00:21 (28443 turns).

hatdisgam the Fencer (Djinni Ice Elementalist)     Turns: 28443, Time: 01:00:22

Health: -4/144     AC: 30    Str:  7    XL:     16   Next: 6%
Gold:   515        EV: 18    Int: 31    God:    Makhleb [*****.] SH:  8 Dex: 19

rFire   + + +      SeeInvis .   p - +9 great sword "Acarinebane" {vorpal, rC++ Will+ Int+2}
rCold   + + +      Faith    .   (shield currently unavailable)
rNeg    + . .      Spirit   +   (armour currently unavailable)
rPois   ∞          Reflect  .   h - +0 helmet
rElec   +          Harm     .   L - scarf {rC+ rF+}
rCorr   .          Rampage  .   (gloves currently unavailable)
Will    +++..      NoTele   +   (boots unavailable)
Stlth   ++........              V - brooch of Shielding {Spirit SH+8}
HPRegen 0.34/turn               b - +6 ring of intelligence
MPRegen 0.00/turn               O - ring of Jyeferull {rElec rC+ Will+ Dex+4}

@: statue-form, flying, studying Spellcasting, invisible, very slow
A: slow and powerful, torment resistance 1, flying, boosted hp, sickness
immunity, fire resistance 2, cold vulnerability 1, float, innate caster, hp
casting, extra vitality 1
a: End Transformation, Renounce Religion, Minor Destruction, Lesser Servant of
Makhleb, Major Destruction, Greater Servant of Makhleb


You were in a Gauntlet.
You worshipped Makhleb.
Makhleb was extremely pleased with you.
You were a living statue of rough stone.
You visited 4 branches of the dungeon, and saw 21 of its levels.
You also visited: Sewer, Ossuary and Gauntlet.

You collected 1394 gold pieces.
You spent 879 gold pieces at shops.

Inventory:

Hand Weapons
 i - a +0 falchion
 p - the +9 great sword "Acarinebane" (weapon) {vorpal, rC++ Will+ Int+2}
   (You acquired it on level 6 of the Lair of Beasts)

   It inflicts extra damage upon your enemies.
   Int:       It affects your intelligence (+2).
   rC:        It greatly protects you from cold.
   Will:      It increases your willpower.
 B - a +3 scimitar
 S - a +0 scimitar of flaming
Armour
 a - a +0 robe
 f - a +0 pair of gloves
 h - a +0 helmet (worn)
 j - a +2 robe of fire resistance
 s - a +2 pair of gloves
 y - a +1 ring mail of fire resistance
 F - a +0 cloak
 K - a +0 troll leather armour (melded)
 L - a scarf of resistance (worn)
 T - the +1 pair of gloves of Generosity (melded) {Int+2}
   (You bought it in a shop on level 1 of the Orcish Mines)

   Int:       It affects your intelligence (+2).
Jewellery
 b - a +6 ring of intelligence (left fist)
 w - a +6 ring of intelligence
 O - the ring of Jyeferull (right fist) {rElec rC+ Will+ Dex+4}
   (You bought it in a shop on level 7 of the Dungeon)

   [ring of willpower]

   Dex:       It affects your dexterity (+4).
   rC:        It protects you from cold.
   rElec:     It insulates you from electricity.
   Will:      It increases your willpower.
 Q - an amulet of faith
 V - the brooch of Shielding (around neck) {Spirit SH+8}
   (You found it in a Gauntlet)

   [amulet of guardian spirit]

   It causes incoming damage to be divided between your reserves of health and
   magic.
   SH:        It affects your SH (+8).
Wands
 e - a wand of paralysis (15)
 C - a wand of iceblast (18)
 D - a wand of flame (15)
 I - a wand of acid (6)
Scrolls
 c - a scroll of brand weapon
 d - 2 scrolls of magic mapping
 g - 2 scrolls of immolation
 k - 2 scrolls of amnesia
 m - 6 scrolls of teleportation
 n - 2 scrolls of fog
 q - 2 scrolls of enchant armour
 u - 2 scrolls of noise
 v - 7 scrolls of enchant weapon {unknown}
 G - a scroll of silence
 N - a scroll of holy word
 R - 2 scrolls of identify
Potions
 l - 8 potions of might
 o - 5 potions of haste
 t - 4 potions of ambrosia
 x - 2 potions of mutation
 z - 2 potions of invisibility
 A - 6 potions of degeneration
 E - 6 potions of lignification
 H - 2 potions of resistance {unknown}
 J - a potion of berserk rage {unknown}
 M - 3 potions of curing
 P - 2 potions of attraction {unknown}


   Skills:
 + Level 8.9 Fighting
 * Level 15.0 Long Blades
 - Level 9.2 Dodging
 - Level 1.5 Stealth
 * Level 13.9 Spellcasting
 + Level 5.9 Invocations


You had 5 spell levels left.
You knew the following spells:

 Your Spells              Type           Power      Damage    Failure   Level
a - Freeze                Ice            100%       1d11      0%          1
b - Frozen Ramparts       Ice            100%       1d12      1%          3
c - Ozocubu's Armour      Ice            83%        N/A       1%          3
d - Hailstorm             Conj/Ice       83%        3d17      1%          4
e - Summon Small Mammal   Summ           100%       N/A       0%          1
f - Searing Ray           Conj           100%       3d7       0%          2
g - Dazzling Flash        Conj/Hex       100%       N/A       1%          3
h - Ice Form              Ice/Tmut       83%        N/A       1%          4
i - Iskenderun's Battles  Conj           83%        2d13      1%          5
j - Alistair's Intoxicat  Tmut/Pois      55%        N/A       1%          5
k - Statue Form           Tmut/Erth      55%        N/A       1%          6
Your spell library was empty.

Dungeon Overview and Level Annotations

Branches:
Dungeon (12/15)            Temple (1/1) D:5            Lair (6/6) D:9
 Shoals (0/4) Lair:3       Spider (0/4) Lair:2        Slime (0/5) Lair:6
    Orc (2/2) D:12            Elf (0/3) Orc:2         Sewer (visited)
Ossuary (visited)         Gauntlet (1/1)

Altars:
Ashenzari
Cheibriados
Dithmenos
Elyvilon
Fedhas
Gozag
Hepliaklqana
Kikubaaqudgha
Makhleb
Nemelex Xobeh
Okawaru
Qazlal
Ru
Sif Muna
Trog
Uskayaw
Vehumet
Wu Jian
Xom
Yredelemnul
Zin
The Shining One
Lugonu

Shops:
D:3 :   D:6 (   D:7 =   Orc:1 ***

Annotations:
D:9 exclusion: ice statue
D:10 2 runed translucent doors, Pooter's ghost, novice TrHu
Orc:1 1 runed translucent door, Zieveyxi's ghost, journeyman DgEE Gauntlet 4 transporters, 1 runed translucent door


Innate Abilities, Weirdness & Mutations

You are a living statue of rough stone.
Your actions are slow, but your melee attacks are powerful.
You are resistant to unholy torment.
You are flying.
Your maximum health is greatly increased.
Your equipment is partially melded.
You are immune to sickness and miasma.
You are immune to poison.
Your flesh is very heat resistant. (rF++)
You are vulnerable to cold. (rC-)
You float through the air rather than walking.
You learn spells naturally, not from books.
Your magical power is your life essence.
You have superior vitality. (+4 HP)


Message History

The minotaur gores you but does no damage.
Unknown command.
You slash the minotaur!
The minotaur is heavily wounded.
The minotaur hits you with the +10 broad axe "Earthworm" {vorpal, rN++}!!
* * * LOW HITPOINT WARNING * * *
x2 The minotaur hits your ynoxinul with the +10 broad axe "Earthworm" {vorpal, rN++}!
Your ynoxinul dies!
Your ynoxinul disappears in a puff of smoke!
The minotaur completely misses you.
The minotaur hits you with the +10 broad axe "Earthworm" {vorpal, rN++}!
* * * LOW HITPOINT WARNING * * *
x2 The minotaur completely misses you.
Unknown command.
You feel much better.
The minotaur hits you with the +10 broad axe "Earthworm" {vorpal, rN++}.
* * * LOW HITPOINT WARNING * * *
x2 The minotaur gores you.
* * * LOW HITPOINT WARNING * * *
As you read the scroll of fear, it crumbles to dust.
You assume a fearsome visage.
The minotaur resists with almost no effort.
You block the minotaur's attack. The minotaur gores you!
* * * LOW HITPOINT WARNING * * *
The minotaur barely misses you.
The minotaur gores you but does no damage.
Unknown command.
Okay, then.
Okay, then.
You feel much better.
The minotaur hits you with the +10 broad axe "Earthworm" {vorpal, rN++}!
* * * LOW HITPOINT WARNING * * *
x2 The minotaur gores you!
* * * LOW HITPOINT WARNING * * *
Unknown command.
A minotaur is nearby!
You fade into invisibility!
The minotaur completely misses you. The minotaur misses you.
The minotaur hits you with the +10 broad axe "Earthworm" {vorpal, rN++}!!
You die...

#©##.##.#.≈≈#
#...#.###.≈##
#..##..##.## ###
#.##....#..###≈##
#########...#≈≈≈#
...#©..8#...#...###
.8.#...©#.8.#......
...#©..8#.⌠.#.8.###.##.#
#########.8.#.©.8......8
####©####...#.8.#H#.....
###...###...#.©.#.# ###
#.[+##..#.8.#.8.#..
#..#©#..#.∩.#.©.###.
#..##†..#.8.#.8.# .#
###...###...#.©.# # #
###..)###...#.8.#.#
#########.8.#.©....


You could see a minotaur.

Vanquished Creatures
  Azrael (D:12)
  Josephine (D:10)
  Erolcha (D:9)
  13 hydras
  A boulder beetle (Lair:5)
  A centaur warrior (D:11)
  7 two-headed ogres
  A tengu warrior (D:12)
  6 death yaks
  A harpy (shapeshifter) (Gauntlet)
  A wizard (Gauntlet)
  A cyclops (shapeshifter) (Gauntlet)
  2 cyclopes
  A manticore (D:11)
  12 elephants
  A molten gargoyle (Gauntlet)
  2 torpor snails
  2 gargoyles
  3 black mambas
  16 cane toads
  A hellion (Gauntlet)
  A kobold demonologist (D:10)
  4 rime drakes
  11 komodo dragons
  A red devil (Gauntlet)
  2 jumping spiders (Lair:2)
  4 trolls
  2 polar bears (Lair:3)
  Grinder (D:3)
  Prince Ribbit (D:7)
  3 hornets
  2 slime creatures (Lair:6)
  12 dream sheep
  14 blink frogs
  8 flying skulls (Gauntlet)
  Sigmund (D:2)
  A shadow (D:12)
  A spriggan (shapeshifter) (D:10)
  50 yaks
  6 wraiths
  3 wyverns (Lair:3)
  A fire elemental (D:12)
  4 basilisks
  4 vampire mosquitoes (D:12)
  A basilisk (shapeshifter) (Gauntlet)
  A death yak simulacrum (Lair:6)
  A steam dragon (D:6)
  15 water moccasins
  Duvessa (D:5)
  8 hell hounds
  5 acid dragons
  4 orc warriors
  An ice beast (D:5)
  5 black bears
  A sky beast (D:7)
  16 wolves
  11 centaurs
  15 bullfrogs
  2 kobold brigands
  Dowan (D:5)
  2 scorpions
  An elephant simulacrum (Lair:6)
  10 killer bees
  An electric eel (Lair:3)
  8 wights
  A howler monkey (D:4)
  A lava snake (D:9)
  7 centaur zombies
  2 jellies (Lair:6)
  A gnoll shaman (D:7)
  5 orc priests
  2 hounds
  A centaur skeleton (D:5)
  2 iguanas
  Jessica (D:2)
  14 orc wizards
  Ijyb (D:5)
  Terence (D:2)
  A hound skeleton (D:5)
  2 mummies
  5 gnolls (D:7)
  8 adders
  3 river rats
  2 shadow imps
  5 white imps
  2 adder skeletons
  2 worms (D:2)
  2 dart slugs
  31 orcs
  6 ball pythons
  A bat (D:3)
  3 endoplasms
  2 giant cockroaches
  9 goblins
  7 hobgoblins
  4 jackals (D:3)
  3 quokkas
  A ball python skeleton (D:2)
  A ball python zombie (D:2)
  8 frilled lizards
  3 hobgoblin zombies
  A jackal zombie (D:2)
  15 kobolds
  A kobold zombie (D:4)
  2 orc zombies (D:4)
  A quokka skeleton (D:2)
  4 rats
496 creatures vanquished.

Vanquished Creatures (collateral kills)
  A catoblepas (Gauntlet)
  A flying skull (Gauntlet)
2 creatures vanquished.

Vanquished Creatures (others)
  An orc sorcerer (Orc:1)
  20 fungi
  24 plants
  9 withered plants (Lair:6)
54 creatures vanquished.

Grand Total: 552 creatures vanquished

Notes
Turn   | Place    | Note
-------+----------+-------------------------------------------
     0 | D:1      | hatdisgam the Djinni Ice Elementalist began the quest for
                  | the Orb.
     0 | D:1      | Reached XP level 1. HP: 15/15 MP: 0/0
   180 | D:1      | Reached XP level 2. HP: 20/21 MP: 0/0
   730 | D:2      | Found a faded altar of an unknown god.
   946 | D:2      | Reached XP level 3. HP: 24/25 MP: 0/0
   946 | D:2      | Learned a level 1 spell: Summon Small Mammal
  1299 | D:2      | Noticed Terence
  1304 | D:2      | Killed Terence
  1305 | D:2      | Reached XP level 4. HP: 26/31 MP: 0/0
  1381 | D:2      | Noticed Sigmund
  1393 | D:2      | Killed Sigmund
  1394 | D:2      | Reached XP level 5. HP: 21/35 MP: 0/0
  1394 | D:2      | Learned a level 2 spell: Searing Ray
  1394 | D:2      | Reached XP level 6. HP: 24/40 MP: 0/0
  1820 | D:2      | Noticed Jessica
  1824 | D:2      | Killed Jessica
  1825 | D:2      | Reached skill level 5 in Spellcasting
  2116 | D:3      | Found a glowing drain.
  2123 | Sewer    | Entered a sewer
  2644 | D:3      | Noticed Grinder
  2675 | D:3      | HP: 2/40 [Grinder (2)]
  2677 | D:3      | Killed Grinder
  2678 | D:3      | Reached skill level 5 in Dodging
  2678 | D:3      | Reached XP level 7. HP: 3/45 MP: 0/0
  2678 | D:3      | Learned a level 3 spell: Dazzling Flash
  2987 | D:3      | Found a basalt altar of Yredelemnul.
  3018 | D:3      | Found a blossoming altar of Fedhas.
  3124 | D:3      | Found Yluenladog's Book Shoppe.
  3275 | D:3      | Found an opulent altar of Gozag.
  3306 | D:4      | Found a broken altar of Ashenzari.
  3837 | D:4      | Found a glowing golden altar of the Shining One.
  3858 | D:4      | Reached skill level 1 in Fighting
  3860 | D:4      | Reached XP level 8. HP: 44/52 MP: 0/0
  4276 | D:5      | Entered Level 5 of the Dungeon
  4287 | D:5      | Noticed Dowan
  4288 | D:5      | Noticed Duvessa
  4299 | D:5      | Killed Duvessa
  4300 | D:5      | Reached skill level 1 in Long Blades
  4302 | D:5      | Killed Dowan
  4577 | D:5      | Reached skill level 2 in Long Blades
  5046 | D:5      | Found a shadowy altar of Dithmenos.
  5499 | D:5      | Found a staircase to the Ecumenical Temple.
  5510 | Temple   | Entered the Ecumenical Temple
  5630 | D:5      | Reached skill level 3 in Long Blades
  6050 | D:5      | Noticed Ijyb
  6058 | D:5      | Killed Ijyb
  6059 | D:5      | Reached XP level 9. HP: 34/60 MP: 0/0
  6059 | D:5      | Learned a level 4 spell: Ice Form
  6361 | D:6      | Found Pauheqiw's Firing Range.
  7363 | D:6      | Reached skill level 4 in Long Blades
  8256 | D:7      | Found a sand-covered staircase.
  8261 | Ossuary  | Entered an ossuary
  8712 | D:7      | Found Afronik's Jewellery Boutique.
  8730 | D:7      | Reached skill level 5 in Long Blades
  8949 | D:7      | Noticed Prince Ribbit
  8963 | D:7      | Killed Prince Ribbit
  9146 | D:7      | Found a stormy altar of Qazlal.
  9272 | D:7      | Reached XP level 10. HP: 65/69 MP: 0/0
 10098 | D:8      | Reached skill level 6 in Long Blades
 10219 | D:8      | Identified the +0 dagger of Imminent Death {pain, rPois}
 10617 | D:9      | Found a burning altar of Makhleb.
 10617 | D:9      | Noticed a cacodemon
 10718 | D:9      | Became a worshipper of Makhleb the Destroyer
 10742 | D:9      | Noticed Erolcha
 10754 | D:9      | Killed Erolcha
 10910 | D:9      | Noticed a death yak
 10924 | D:9      | Killed a death yak
 10925 | D:9      | Reached skill level 7 in Long Blades
 11168 | D:9      | Noticed a death yak
 11170 | D:9      | Noticed a death yak
 11182 | D:9      | Killed a death yak
 11183 | D:9      | Reached XP level 11. HP: 64/74 MP: 0/0
 11183 | D:9      | Learned a level 5 spell: Iskenderun's Battlesphere
 11191 | D:9      | Killed a death yak
 11192 | D:9      | Reached skill level 8 in Long Blades
 11398 | D:9      | Found a staircase to the Lair.
 11421 | D:9      | Noticed a two-headed ogre
 11436 | D:9      | Killed a two-headed ogre
 12053 | D:9      | Found a sacrificial altar of Ru.
 12195 | D:9      | Found a hide-covered altar of Uskayaw.
 12626 | D:9      | Found an iron altar of Okawaru.
 12808 | D:10     | Entered Level 10 of the Dungeon
 12808 | D:10     | Noticed Josephine
 12827 | Lair:1   | Entered Level 1 of the Lair of Beasts
 13069 | Lair:1   | Reached * piety under Makhleb
 13540 | Lair:1   | Reached skill level 5 in Fighting
 13797 | Lair:1   | Reached skill level 9 in Long Blades
 14147 | Lair:1   | Reached skill level 10 in Spellcasting
 14690 | Lair:1   | Reached skill level 11 in Long Blades
 14690 | Lair:1   | Reached XP level 12. HP: 43/81 MP: 0/0
 15264 | Lair:1   | Reached XP level 13. HP: 67/86 MP: 0/0
 15264 | Lair:1   | Learned a level 5 spell: Alistair's Intoxication
 15361 | Lair:1   | Reached skill level 12 in Long Blades
 15513 | Lair:2   | Identified the +10 plate armour of the Peculiar Prophets
                  | {Int+2 Dex+2}
 16313 | Lair:2   | Noticed a seven-headed hydra
 16324 | Lair:2   | Killed a seven-headed hydra
 16418 | Lair:2   | Noticed an eight-headed hydra
 16427 | Lair:2   | Killed an eight-headed hydra
 16932 | Lair:2   | Found a hole to the Spider Nest.
 18349 | Lair:3   | Noticed a five-headed hydra
 18354 | Lair:3   | Reached ** piety under Makhleb
 18355 | Lair:3   | Killed a five-headed hydra
 18603 | Lair:3   | Noticed a four-headed hydra
 18614 | Lair:3   | Killed a four-headed hydra
 18615 | Lair:3   | Reached skill level 13 in Long Blades
 19193 | Lair:3   | Found a staircase to the Shoals.
 19930 | Lair:3   | Noticed a four-headed hydra
 19936 | Lair:3   | Killed a four-headed hydra
 20396 | Lair:3   | Noticed a seven-headed hydra
 20422 | Lair:2   | Reached XP level 14. HP: 47/96 MP: 0/0
 21832 | Lair:4   | Reached *** piety under Makhleb
 22158 | Lair:4   | Reached skill level 1 in Invocations
 22837 | Lair:5   | Reached skill level 14 in Long Blades
 23324 | D:7      | Bought the ring of Jyeferull {rElec rC+ Will+ Dex+4} for
                  | 652 gold pieces
 23499 | Lair:6   | Entered Level 6 of the Lair of Beasts
 23564 | Lair:5   | Reached **** piety under Makhleb
 23744 | Lair:6   | Identified 2 scrolls of acquirement
 23745 | Lair:6   | Acquired a manual of Spellcasting
 23747 | Lair:6   | Acquired the +9 great sword "Acarinebane" {vorpal, rC++
                  | Will+ Int+2}
 23874 | Lair:6   | Noticed a dire elephant
 23874 | Lair:6   | Noticed a dire elephant
 23878 | Lair:6   | Noticed a dire elephant
 23879 | Lair:6   | Noticed a dire elephant
 23986 | Lair:6   | Reached XP level 15. HP: 102/102 MP: 0/0
 23986 | Lair:6   | Learned a level 6 spell: Statue Form
 24175 | Lair:6   | Found a staircase to the Slime Pits.
 24242 | Lair:6   | Reached ***** piety under Makhleb
 24821 | D:10     | Found a white marble altar of Elyvilon.
 25072 | D:10     | Killed Josephine
 25141 | D:10     | Found a runed translucent door.
 25149 | D:10     | Found a runed translucent door.
 25151 | D:10     | Noticed a stone giant
 25312 | D:10     | Noticed a lich
 25312 | D:10     | Noticed Pooter's ghost (novice TrHu)
 26154 | D:11     | Reached skill level 5 in Invocations
 26597 | D:12     | Noticed Azrael
 26609 | D:12     | Killed Azrael
 27219 | D:12     | Found a staircase to the Orcish Mines.
 27469 | Orc:1    | Entered Level 1 of the Orcish Mines
 27469 | Orc:1    | Found Dasisaef's Overcharged Wands.
 27635 | Orc:1    | Found a runed translucent door.
 27653 | Orc:1    | Noticed Zieveyxi's ghost (journeyman DgEE)
 27732 | Orc:1    | Found Veididd's Specific Store.
 27746 | Orc:1    | Found Beevuwim's General Store.
 27750 | Orc:1    | Bought the +1 pair of gloves of Generosity {Int+2} for 227
                  | gold pieces
 27921 | Orc:2    | Entered Level 2 of the Orcish Mines
 27924 | Orc:2    | Found a gate leading to a gauntlet.
 27934 | Gauntlet | Entered a Gauntlet
 27934 | Gauntlet | Found a transporter.
 27946 | Gauntlet | Found a transporter.
 27949 | Gauntlet | Found a transporter.
 27950 | Gauntlet | Found a transporter.
 27958 | Gauntlet | Found a transporter.
 27961 | Gauntlet | Found a transporter.
 27962 | Gauntlet | Found a transporter.
 27966 | Gauntlet | Found a runed translucent door.
 27970 | Gauntlet | Found a transporter.
 27973 | Gauntlet | Found a transporter.
 27974 | Gauntlet | Found a transporter.
 27982 | Gauntlet | Found a transporter.
 27982 | Gauntlet | Found a runed translucent door.
 27985 | Gauntlet | Found a transporter.
 27986 | Gauntlet | Found a transporter.
 27994 | Gauntlet | Found the brooch of Shielding {Spirit SH+8}
 27997 | Gauntlet | Found a transporter.
 28187 | Gauntlet | Reached skill level 15 in Long Blades
 28282 | Gauntlet | Reached XP level 16. HP: 107/111 MP: 0/0
 28432 | Gauntlet | Identified the +10 broad axe "Earthworm" {vorpal, rN++}
 28432 | Gauntlet | Identified the +2 tower shield of Mirth {Str-5 Int+8 Dex+3}
 28432 | Gauntlet | Identified the ring of Tataopt {Will+ Int+3 Slay+4}
 28443 | Gauntlet | Slain by a minotaur

Illustrated notes

Levels and vault maps discovered:
D:1:      eino_arrival_tree_alley, layout_rooms, kennysheep_flooded_box
D:2:      layout_loops_cross, basic_ecumenical_altar, serial_undead,
          serial_undead_f, serial_undead_c, serial_undead_f, serial_undead_a,
          uniq_jessica, uniq_sigmund, uniq_terence
D:3:      layout_basic, lemuel_crystal_altar, overflow_temple_1_default,
          fedhas_altar_2, serial_shops, nicolae_lakefront_shop,
          gup_sewer_entry_bowl, uniq_grinder
D:4:      layout_rooms, tso_oasis_becter, nicolae_ashenzari_skybound,
          minmay_misc_feat_x, minmay_mini_ossuary
D:5:      layout_gridville, marbit_many_paths, minmay_temple_entry_purple_smoke,
          uniq_ijyb, uniq_duvessa
D:6:      layout_basic, minivault_5, st_stairs_5, nicolae_shop_firing_range
D:7:      layout_basic, nicolae_qazlal_general_emergency, enter_ossuary_2,
          serial_shops, nicolae_shop_crystal, uniq_prince_ribbit1
D:8:      layout_rooms
D:9:      lemuel_ice_statue, layout_cave_pods, kennysheep_okawaru_gauntlet,
          eat_drink_and_be_merry_uskayaw, mainiacjoe_overflow_catch_the_wave,
          kiku_gazebo_garden_becter, makhleb_altar_promises_db,
          dpeg_lair_monsters, uniq_erolcha
D:10:     kennysheep_spiral_hall, layout_cave_pools,
          nicolae_elyvilon_peaceful_grove, muffindrake_ghost_dual_entry,
          uniq_josephine
D:11:     layout_stronghold, serial_glass, glass_columns_a, glass_columns_b,
          glass_columns_b, glass_columns_b, glass_columns_a, glass_columns_b,
          glass_columns_a, glass_columns_a, glass_columns_b, glass_columns_b
D:12:     layout_stronghold, orc_0_dummy, uniq_azrael
Temple:   corrupted_temple
Lair:1:   layout_chaotic_city, infiniplex_staircase_pool
Lair:2:   layout_misc_corridors, spider_nest_entry_funnel_web
Lair:3:   nzn_winding_woodlands_stair_cross
          [nzn_winding_woodlands_5x15_sawtooth,
          nzn_winding_woodlands_center_pierced_h,
          nzn_winding_woodlands_5x15_lazy_stream,
          nzn_winding_woodlands_5x5_default,
          nzn_winding_woodlands_5x5_perimeter,
          nzn_winding_woodlands_5x15_jagged,
          nzn_winding_woodlands_center_triple_pond,
          nzn_winding_woodlands_5x15_longhouse], layout_loops_ring,
          elwin_shoals_entry_rocks, minivault_23
Lair:4:   layout_long_grid, lemuel_fruit_tree
Lair:5:   layout_gridlike, columned_hall_lemuel, chequers_serial_rivers_large_b,
          bobbens_ice_dragon_lair, grunt_megastairs_4
Lair:6:   due_jungle_book, layout_hall_layers, minmay_slime_entry_pillars,
          serial_bayou_shore_b
Orc:1:    layout_caves, ebering_ghost_inner_flame, nicolae_specific_store,
          nicolae_shop_overcharged_wands
Orc:2:    pf_orc_diabolical, layout_diamond_mine,
          portal_ice_cave_entry_ice_simulacra, gauntlet_entry_generic,
          amcnicky_altar_lugonu_corruption
Gauntlet: gammafunk_gauntlet_77_escape_option [minmay_gauntlet_arena_77_mess,
          minmay_gauntlet_arena_77_tiled_triplets,
          minmay_gauntlet_arena_77_cramped, minmay_gauntlet_arena_77_fan,
          minmay_gauntlet_arena_77_box, nicolae_gauntlet_exit_dead_adventurers]

Skill      XL: |  1  2  3  4  5  6  7  8  9 10 11 12 13 14 15 |
---------------+----------------------------------------------+-----
Dodging        | 3 4 5 6 7 9 |  9.2
Spellcasting   | 4 5 6 7 9 10 11 12 13 | 13.9
Fighting       | 1 3 4 5 7 8 |  8.9
Long Blades    | 3 5 7 11 13 14 15 | 15.0
Invocations    | 3 5 |  5.9
Stealth        | |  1.5

Action                   |  1- 3 |  4- 6 |  7- 9 | 10-12 | 13-15 | 16-18 || total
-------------------------+-------+-------+-------+-------+-------+-------++-------
Melee: Unarmed           |    35 |       |    22 |       |       |       ||    57
       Falchion          |       |    64 |   196 |    36 |       |       ||   296
       Scimitar          |       |       |       |    53 |   210 |       ||   263
       Great sword       |       |       |       |       |   335 |    16 ||   351
 Cast: Freeze            |    25 |    21 |    43 |    50 |   136 |       ||   275
       Frozen Ramparts   |     2 |    10 |    22 |    25 |    99 |     1 ||   159
       Searing Ray       |       |       |    11 |    16 |    52 |       ||    79
       Ozocubu's Armour  |       |       |     1 |       |       |       ||     1
       Ice Form          |       |       |     1 |       |       |       ||     1
       Iskenderun's Batt |       |       |       |     1 |     1 |       ||     2
       Hailstorm         |       |       |       |       |     2 |       ||     2
       Statue Form       |       |       |       |       |    19 |     4 ||    23
Invok: Lesser Servant of |       |       |       |       |     1 |     4 ||     5
Evoke: Wand              |       |       |       |     2 |       |       ||     2
  Use: Potion            |       |     2 |     3 |     1 |       |     3 ||     9
       Scroll            |       |       |    10 |     6 |    17 |     1 ||    34
 Stab: Sleeping          |       |     2 |       |       |       |       ||     2
       Distracted        |       |       |       |       |       |     1 ||     1
Armor: Robe              |    16 |    27 |   125 |    56 |    51 |       ||   275
       Skin              |       |       |    43 |       |   191 |    14 ||   248
       Troll leather arm |       |       |       |       |   106 |       ||   106
Dodge: Dodged            |    31 |    60 |   254 |   145 |   906 |    18 ||  1414
Block: Other             |       |       |       |       |       |     4 ||     4

Table legend: (Time is in decaauts)
 A = Elapsed time spent in this place.
 B = Non-inter-level travel time spent in this place.
 C = Inter-level travel time spent in this place.
 D = Time resting spent in this place.
 E = Time spent auto-exploring this place.
 F = Levels seen in this place.
 G = Mean time per level.
                   A        B        C        D        E       F      G
               +--------+--------+--------+--------+--------+-----+--------+
         Total |  29041 |  27797 |   1244 |  10990 |  12595 |  24 | 1210.0 |
       Dungeon |  15686 |  14909 |    777 |   4361 |   8524 |  12 | 1307.2 |
        Temple |     42 |     30 |     12 |      0 |     24 |   1 |   42.0 |
          Lair |  11686 |  11245 |    441 |   6358 |   3235 |   6 | 1947.7 |
  Orcish Mines |    495 |    481 |     14 |     63 |    288 |   2 |  247.5 |
         Sewer |    431 |    431 |      0 |      0 |    307 |   1 |  431.0 |
       Ossuary |     46 |     46 |      0 |      5 |      0 |   1 |   46.0 |
      Gauntlet |    652 |    652 |      0 |    203 |    216 |   1 |  652.0 |
               +--------+--------+--------+--------+--------+-----+--------+

Top non-repeatable levels by time:
  Lair:3: 3773 daAuts
  Lair:1: 2771 daAuts
  Lair:2: 2288 daAuts
     D:9: 2162 daAuts
     D:6: 1629 daAuts
     D:4: 1617 daAuts
     D:5: 1523 daAuts
     D:7: 1482 daAuts
     D:2: 1322 daAuts
    D:12: 1249 daAuts
  Lair:4: 1152 daAuts
     D:8: 1117 daAuts
    D:11: 1036 daAuts
     D:3: 944 daAuts
  Lair:5: 933 daAuts
